 Dungeon Crawl Stone Soup version 0.30-a0-149-g7f746667c4 (webtiles) character file.

Game seed: 13190000413856150850

2286 freelancePsychic the Cutter (level 9, -15/71 HPs)
             Began as a Mummy Monk on Sept 26, 2022.
             Was a Believer of Fedhas.
             Killed from afar by a steam dragon (18 damage)
             ... with a ball of steam
             ... on level 7 of the Dungeon.
             The game lasted 00:13:05 (8619 turns).

freelancePsychic the Cutter (Mummy Monk)            Turns: 8619, Time: 00:13:06

Health: -15/71     AC:  7    Str: 14    XL:     9   Next: 17%
Magic:  7/10       EV: 13    Int: 10    God:    Fedhas [**....]
Gold:   325        SH:  0    Dex: 18    Spells: 8/8 levels left

rFire   x . .      SeeInvis .    a - +2 short sword (venom)
rCold   + . .      Faith    +    (no shield)
rNeg    + + +      Spirit   .    k - +0 ring mail
rPois   ∞          Reflect  .    (no helmet)
rElec   .          Harm     .    (no cloak)
rCorr   .          Rampage  .    h - +1 pair of gloves
Will    +....                    (no boots)
Stlth   +.........               (no amulet)
HPRegen 0.21/turn                (no ring)
MPRegen 0.12/turn                (no ring)

@: no status effects
A: cold resistance 1, negative energy resistance 3, torment resistance 2, heat
vulnerability 1, in touch with death 1, no potions, faith
a: Renounce Religion, Wall of Briars


You were on level 7 of the Dungeon.
You worshipped Fedhas.
Fedhas was pleased with you.
You visited 2 branches of the dungeon, and saw 8 of its levels.
You also visited: Sewer.

You collected 325 gold pieces.

Inventory:

Hand Weapons
 a - a +2 short sword of venom (weapon)
 g - a +0 rapier
Armour
 c - a +0 robe
 h - a +1 pair of gloves (worn)
 k - a +0 ring mail (worn)
Scrolls
 d - a scroll of silence
 e - 2 scrolls of butterflies
 f - 2 scrolls of immolation
 i - 2 scrolls of blinking
 m - a scroll of teleportation {@r4}
 n - a scroll of magic mapping
 o - 4 scrolls of noise


   Skills:
 + Level 6.9 Fighting
 * Level 7.9 Short Blades
 - Level 4.8 Dodging
 - Level 1.5 Stealth
 + Level 1.9 Invocations


You had 8 spell levels left.
You didn't know any spells.
Your spell library contained the following spells:

 Spells                   Type           Power      Damage    Failure   Level
 Freeze                   Ice            0%         1d3       61%         1
 Sandblast                Erth           0%         2d4       61%         1
 Sting                    Tmut/Pois      0%         1d3       61%         1
 Ensorcelled Hibernation  Hex/Ice        0%         N/A       75%         2
 Passwall                 Tmut/Erth      0%         N/A       75%         2
 Poisonous Vapours        Pois/Air       0%         N/A       75%         2
 Scorch                   Fire           0%         2d5       75%         2
 Frozen Ramparts          Ice            0%         1d1       93%         3
 Gell's Gravitas          Tloc           0%         N/A       93%         3
 Stone Arrow              Conj/Erth      0%         3d7       93%         3
 Teleport Other           Tloc           0%         N/A       93%         3
 Anguish                  Hex/Necr       0%         N/A       100%        4
 Flame Wave               Conj/Fire      0%         2d4       100%        4
 Hailstorm                Conj/Ice       0%         3d3       100%        4
 Olgreb's Toxic Radiance  Pois           0%         N/A       100%        4
 Dispersal                Tloc           0%         N/A       100%        6
 Summon Cactus Giant      Summ           0%         N/A       100%        6
 Spider Form              Tmut/Pois      Unusable   N/A       N/A         3

Dungeon Overview and Level Annotations

Branches:
Dungeon (7/15)             Temple (1/1) D:6           Sewer (visited)

Altars:
Ashenzari
Cheibriados
Dithmenos
Fedhas
Kikubaaqudgha
Makhleb
Nemelex Xobeh
Okawaru
Ru
Sif Muna
Trog
Uskayaw
Vehumet
Xom
Yredelemnul

Annotations:
D:7 1 runed translucent door, sirJeffrey23's ghost, novice HOFi


Innate Abilities, Weirdness & Mutations

You are immune to poison.
Your flesh is cold resistant. (rC+)
You are immune to negative energy. (rN+++)
You are immune to unholy pain and torment.
You are vulnerable to heat. (rF-)
You are in touch with the powers of death.
You do not drink.
You have a special connection with the divine. (Faith)


Message History

The steam dragon is lightly wounded.
The steam dragon struggles against the net.
You hit the steam dragon but do no damage.
The steam dragon is poisoned.
The steam dragon is lightly wounded.
You hit the steam dragon.
The steam dragon looks as sick as possible!
The steam dragon is lightly wounded.
The steam dragon struggles against the net.
The net rips apart, and the steam dragon comes free!
The steam dragon misses you.
The steam dragon claws you but does no damage.
You hit the steam dragon but do no damage.
The steam dragon looks as sick as possible!
The steam dragon is moderately wounded.
You hit the steam dragon.
The steam dragon looks as sick as possible!
The steam dragon is moderately wounded.
The steam dragon breathes steam at you. The ball of steam hits you!!
The steam scalds you terribly! The steam dragon bites you.
The steam dragon barely misses you.
You hit the steam dragon.
The steam dragon is moderately wounded.
The steam dragon bites you.
* * * LOW HITPOINT WARNING * * *
The steam dragon closely misses you.
A briar patch grows up from the ground. x6; The steam dragon misses you.
The steam dragon claws you but does no damage.
You walk carefully through the plants.
The steam dragon breathes steam at you.
The ball of steam hits your briar patch!
The ball of steam hits you!! The steam scalds you terribly!
* * * LOW HITPOINT WARNING * * *
The ball of steam hits your briar patch!
Your briar patch is engulfed in a cloud of scalding steam.
The steam dragon breathes steam at you.
The ball of steam hits your briar patch!
The ball of steam hits you!! The steam scalds you terribly!
You die...
Fedhas appreciates your contribution to the ecosystem.

#...D...# .#..#.#
####..##...##.#..#.#
#.............#.....
........##..........
........#..........
[.#.PD####.....#+# .
. #.P§P###....##.#
.. ##PPP§§....##...
...##..@.§.#..##....
.........§....#W.?♣!
...##.....##..##....
.. ##).<......##...
. #.).)......##⌠#
#..###......### ##..
.......... ##.
.......... #.
.......


There were no monsters in sight!

Vanquished Creatures
  A hornet (D:5)
  Eustachio (D:5)
  A water moccasin (D:5)
  Duvessa (D:6)
  An orc warrior (D:6)
  An ice beast (D:6)
  A black bear (D:5)
  A centaur (D:5)
  A kobold brigand (Sewer)
  A necrophage (D:5)
  A scorpion (D:5)
  A wight (D:6)
  Dowan (D:6)
  2 orc priests
  3 hounds
  3 jellies
  2 gnoll boudas
  5 iguanas
  Jessica (D:2)
  7 orc wizards
  10 gnolls
  10 adders
  3 river rats
  A shadow imp (D:5)
  2 ufetubi
  4 dart slugs
  17 orcs
  8 ball pythons
  4 bats
  4 endoplasms
  5 giant cockroaches
  4 goblins
  4 hobgoblins
  4 jackals
  4 quokkas
  6 frilled lizards
  10 kobolds
  16 rats
152 creatures vanquished.

Vanquished Creatures (collateral kills)
  2 wights (D:6)
  A white imp (D:6)
3 creatures vanquished.

Vanquished Creatures (others)
  5 plants (Sewer)
5 creatures vanquished.

Grand Total: 160 creatures vanquished

Notes
Turn   | Place    | Note
-------+----------+-------------------------------------------
     0 | D:1      | freelancePsychic the Mummy Monk began the quest for the
                  | Orb.
     0 | D:1      | Reached XP level 1. HP: 18/18 MP: 1/1
   265 | D:1      | Reached XP level 2. HP: 14/24 MP: 2/2
   484 | D:1      | Reached skill level 3 in Short Blades
   965 | D:1      | Gained mutation: You are in touch with the powers of death.
                  | [Mummy growth]
   965 | D:1      | Reached XP level 3. HP: 29/29 MP: 3/3
  1491 | D:2      | Noticed Jessica
  1502 | D:2      | Killed Jessica
  1503 | D:2      | Reached XP level 4. HP: 30/37 MP: 4/4
  2082 | D:3      | Reached skill level 4 in Short Blades
  2912 | D:4      | Reached XP level 5. HP: 41/42 MP: 5/5
  3435 | D:4      | Reached XP level 6. HP: 29/49 MP: 6/6
  3877 | D:4      | Reached skill level 5 in Short Blades
  4468 | D:5      | Entered Level 5 of the Dungeon
  4486 | D:5      | Found a glowing drain.
  4498 | Sewer    | Entered a sewer
  4689 | Sewer    | Reached XP level 7. HP: 55/55 MP: 7/7
  4764 | Sewer    | Reached skill level 5 in Fighting
  5388 | D:5      | Identified the +1 leather armour of the Fifty Lovers
                  | {Str+4}
  5634 | D:5      | Reached skill level 6 in Short Blades
  5831 | D:5      | Found a shadowy altar of Dithmenos.
  5944 | D:5      | Found a basalt altar of Yredelemnul.
  6096 | D:5      | Reached XP level 8. HP: 53/63 MP: 8/8
  6900 | D:6      | Noticed a hornet
  6917 | D:5      | Killed a hornet
  7045 | D:6      | Noticed Eustachio
  7070 | D:5      | Killed Eustachio
  7071 | D:5      | Reached skill level 7 in Short Blades
  7237 | D:6      | Found a staircase to the Ecumenical Temple.
  7276 | Temple   | Entered the Ecumenical Temple
  7434 | Temple   | Became a worshipper of Fedhas Madash
  7434 | Temple   | Reached * piety under Fedhas
  7434 | Temple   | Reached ** piety under Fedhas
  7462 | D:6      | Noticed Duvessa
  7471 | D:6      | Noticed Dowan
  7489 | D:6      | Killed Duvessa
  7496 | D:6      | Killed Dowan
  7543 | D:6      | Reached skill level 1 in Invocations
  7857 | D:6      | Reached XP level 9. HP: 66/71 MP: 8/10
  8503 | D:6      | Noticed a +0 falchion
  8503 | D:6      | Noticed a +0 short sword
  8504 | D:6      | Noticed a +0 spear
  8504 | D:6      | Noticed a +0 short sword
  8504 | D:6      | Noticed a +0 falchion
  8504 | D:6      | Noticed a +0 dagger
  8504 | D:6      | Noticed a +0 spear
  8504 | D:6      | Noticed a +0 dagger
  8516 | D:6      | Found a hide-covered altar of Uskayaw.
  8586 | D:7      | Found a runed translucent door.
  8586 | D:7      | Noticed sirJeffrey23's ghost (novice HOFi)
  8618 | D:7      | HP: 3/71 [steam dragon/ball of steam (18)]
  8619 | D:7      | Killed from afar by a steam dragon

Illustrated notes

Levels and vault maps discovered:
D:1:      grunt_arrival_crossed_arrows, layout_loops_ring, minmay_tromino_v4_c
D:2:      layout_basic, uniq_jessica
D:3:      layout_basic
D:4:      layout_rooms
D:5:      layout_gridville, mainiacjoe_overflow_alcove_4, lemuel_doored_altar,
          mainiacjoe_overflow_24_doors, portal_sewer_entry_b
D:6:      layout_cave_pools, nicolae_uskayaw_en_pointe,
          minmay_temple_entry_sparse_star, minmay_misc_feat_columns,
          uniq_eustachio, uniq_duvessa
D:7:      layout_cave_pools, hellmonk_ghost_happy_afterlife, serial_shops,
          nicolae_shop_advertising_works [nicolae_subvault_shop_adworks],
          nicolae_grassy_gnolls
Temple:   cyrus_circular_temple

Skill      XL: |  1  2  3  4  5  6  7  8 |
---------------+-------------------------+-----
Short Blades   | 3 4 5 6 7 |  7.9
Fighting       | 4 5 6 |  6.9
Dodging        | 3 4 |  4.8
Invocations    | 1 |  1.9
Stealth        | |  1.5

Action                   |  1- 3 |  4- 6 |  7- 9 || total
-------------------------+-------+-------+-------++-------
Melee: Short sword       |   125 |     5 |    79 ||   209
       Punch             |     2 |     2 |     7 ||    11
       Dagger            |       |   252 |   238 ||   490
Throw: Throwing net      |       |       |     3 ||     3
       Dart              |       |       |     1 ||     1
Invok: Wall of Briars    |       |       |     4 ||     4
  Use: Scroll            |     1 |       |     8 ||     9
 Stab: Sleeping          |     2 |     4 |       ||     6
       Distracted        |       |     1 |       ||     1
       Held in net/web   |       |       |     1 ||     1
Armor: Robe              |     8 |     5 |       ||    13
       Ring mail         |       |    69 |    67 ||   136
Dodge: Dodged            |    60 |   115 |   123 ||   298

Table legend: (Time is in decaauts)
 A = Elapsed time spent in this place.
 B = Non-inter-level travel time spent in this place.
 C = Inter-level travel time spent in this place.
 D = Time resting spent in this place.
 E = Time spent auto-exploring this place.
 F = Levels seen in this place.
 G = Mean time per level.
                   A        B        C        D        E       F      G
               +--------+--------+--------+--------+--------+-----+--------+
         Total |   8575 |   8341 |    234 |   1445 |   5474 |   9 |  952.8 |
       Dungeon |   7353 |   7136 |    217 |   1234 |   4679 |   7 | 1050.4 |
        Temple |    383 |    366 |     17 |    211 |    142 |   1 |  383.0 |
         Sewer |    838 |    838 |      0 |      0 |    652 |   1 |  838.0 |
               +--------+--------+--------+--------+--------+-----+--------+

Top non-repeatable levels by time:
     D:5: 1824 daAuts
     D:3: 1470 daAuts
     D:6: 1067 daAuts
     D:1: 1055 daAuts
     D:2: 959 daAuts
     D:4: 930 daAuts
   Sewer: 838 daAuts
  Temple: 383 daAuts
     D:7: 46 daAuts
